 Dungeon Crawl Stone Soup version 0.30-a0-946-gec5dcfc036 (webtiles) character file.

Game seed: 7657737351066094907

29114 2tousent the Frost Mage (level 13, -12/108 HPs)
             Began as a Demonspawn Ice Elementalist on Mar 26, 2023.
             Was the Champion of Cheibriados.
             Engulfed by an ice statue's freezing vapour (54 damage)
             ... in an ice cave.
             The game lasted 00:55:19 (16267 turns).

2tousent the Frost Mage (DsIE)                     Turns: 16267, Time: 00:55:20

Health: -12/108    AC: 12    Str: 24    XL:     13   Next: 13%
Magic:  14/20      EV: 15    Int: 36    God:    Cheibriados [******]
Gold:   571        SH:  7    Dex: 29    Spells: 2/21 levels left

rFire   . . .      SeeInvis .    L - +2 dagger (venom)
rCold   . . .      Faith    .    q - +0 buckler
rNeg    . . .      Spirit   .    K - +0 steam dragon scales
rPois   .          Reflect  .    u - +2 hat
rElec   .          Rampage  .    (no cloak)
rCorr   .                        k - +3 pair of gauntlets of War {Slay+5}
Will    .....                    (no boots)
Stlth   +++                      (no amulet)
HPRegen 0.38/turn                (no ring)
MPRegen 0.34/turn                (no ring)

@: very slow
A: antennae 2, rugged brown scales 1, ignite blood 2, magic regeneration
a: Renounce Religion, Bend Time, Temporal Distortion, Slouch, Step From Time


You were in an ice cave.
You worshipped Cheibriados.
Cheibriados was exalted by your worship.
You visited 2 branches of the dungeon, and saw 16 of its levels.
You also visited: Ice Cave.

You collected 812 gold pieces.
You spent 241 gold pieces at shops.

Inventory:

Hand Weapons
 c - a +0 hand axe
 h - a +1 dagger of venom
 L - a +2 dagger of venom (weapon)
Armour
 a - a +0 robe
 d - a +1 pair of gloves
 i - a +0 helmet
 k - the +3 pair of gauntlets of War (worn) {Slay+5}
   (You acquired it on level 7 of the Dungeon)

   Slay:      It affects your accuracy & damage with ranged weapons and melee
   (+5).
 q - a +0 buckler (worn)
 u - a +2 hat (worn)
 K - +0 steam dragon scales (worn)
Magical Staves
 U - the staff of air "Uxooreas" {rElec Int+2}
   (You found it on level 4 of the Lair of Beasts)

   [staff of air]

   Base accuracy: +5 Base damage: 5 Base attack delay: 1.2 This weapon's minimum
   attack delay (0.6) is reached at skill level 12.
   Int:       It affects your intelligence (+2).
   rElec:     It insulates you from electricity.
   It falls into the 'Staves' category.
   It is a one-handed weapon.
Jewellery
 H - a ring of poison resistance
 J - a +4 ring of protection
 O - an amulet of the acrobat
 T - a +6 ring of intelligence
Wands
 m - a wand of flame (17)
 n - a wand of quicksilver (5)
 s - a wand of roots (1)
 w - a wand of polymorph (11)
 F - a wand of digging (7)
 G - a wand of paralysis (14)
Scrolls
 p - 9 scrolls of identify
 v - a scroll of brand weapon
 y - 2 scrolls of amnesia
 z - 4 scrolls of poison
 A - 5 scrolls of blinking
 B - 3 scrolls of teleportation
 C - a scroll of magic mapping
 D - 6 scrolls of fear
 I - 2 scrolls of enchant weapon
 Q - a scroll of enchant armour
 V - a scroll of vulnerability {unknown}
Potions
 b - 2 potions of magic
 e - a potion of haste
 f - 2 potions of resistance
 g - 5 potions of flight
 j - 6 potions of heal wounds
 l - a potion of curing
 o - 4 potions of berserk rage
 r - 4 potions of lignification
 t - a potion of cancellation
 x - a potion of degeneration
 E - 4 potions of mutation
 M - a potion of brilliance
 N - a potion of attraction
 P - 5 potions of ambrosia
 R - a potion of might {unknown}
Miscellaneous
 S - a box of beasts


   Skills:
 + Level 10.8 Fighting
 - Level 4.0 Dodging
 - Level 1.7 Stealth
 - Level 4.0 Shields
 - Level 4.6 Spellcasting
 - Level 4.0 Hexes
 - Level 8.0 Summonings
 * Level 14.3 Ice Magic
 + Level 6.5 Invocations


You had 2 spell levels left.
You knew the following spells:

 Your Spells              Type           Power      Damage    Failure   Level
a - Freeze                Ice            100%       1d10      0%          1
b - Frozen Ramparts       Ice            100%       1d16      1%          3
c - Ozocubu's Armour      Ice            84%        N/A       1%          3
d - Summon Ice Beast      Ice/Summ       73%        N/A       1%          4
e - Summon Mana Viper     Hex/Summ       51%        N/A       12%         5
f - Call Canine Familiar  Summ           60%        N/A       1%          3

Your spell library contained the following spells:

 Spells                   Type           Power      Damage    Failure   Level
 Slow                     Hex            100%       N/A       1%          1
 Shock                    Conj/Air       32%        1d5       4%          1
 Blink                    Tloc           16%        N/A       8%          2
 Lesser Beckoning         Tloc           16%        N/A       8%          2
 Momentum Strike          Conj/Tloc      16%        3d8       8%          2
 Confusing Touch          Hex            37%        N/A       3%          3
 Inner Flame              Hex/Fire       22%        N/A       7%          3
 Portal Projectile        Hex/Tloc       44%        N/A       7%          3
 Cause Fear               Hex            18%        N/A       10%         4
 Ignite Poison            Fire/Tmut/Pois 8%         N/A       16%         3
 Swiftness                Air            8%         N/A       16%         3
 Vampiric Draining        Necr           8%         2d6       16%         3
 Leda's Liquefaction      Hex/Erth       11%        N/A       22%         4
 Airstrike                Air            4%         2d(1-17)  45%         4
 Sticky Flame             Conj/Fire      8%         2d3       45%         4
 Blade Hands              Tmut           4%         N/A       80%         5
 Irradiate                Conj/Tmut      4%         3d13      80%         5
 Monstrous Menagerie      Summ           30%        N/A       85%         7
 Dragon Form              Tmut           4%         N/A       100%        7
 Discord                  Hex            18%        N/A       100%        8
 Ignition                 Fire           4%         3d4       100%        8


Dungeon Overview and Level Annotations

Branches:
Dungeon (12/15)            Temple (0/1) D:6            Lair (4/5) D:10
  Slime (0/5) Lair:4          Orc (0/2) D:11          IceCv (1/1)
  Swamp: Lair:2-3    Shoals: Lair:2-3     Snake: Lair:2-3    Spider: Lair:2-3

Altars:
Cheibriados
Dithmenos
Fedhas
Hepliaklqana
Kikubaaqudgha
Nemelex Xobeh
Okawaru
Qazlal
Ru
Sif Muna
Trog
Uskayaw
Xom

Shops:
D:4 [?   D:7 *

Annotations:
D:5 3 runed translucent doors, Mesmaeker13's ghost, amateur VSTm; PaleRider's ghost, amateur VSFi; UltrafastDeath's ghost, novice BaWn; clease's ghost, amateur FeCj; snipermoke's ghost, amateur DgFi IceCv exclusion: ice statue


Innate Abilities, Weirdness & Mutations

You have a pair of antennae on your head.
You are partially covered in rugged brown scales. (AC +1, +3% HP)
Your demonic aura often causes spilled blood to erupt in flames.
You regenerate magic rapidly.


Message History

Unknown command.
You hit the ice statue but do no damage.
The ice statue is moderately damaged.
Your ice beast hits the ice beast but does no damage.
Your warg bites the ice statue!
The ice beast closely misses your ice beast.
Unknown command.
You hit the ice statue but do no damage.
The ice statue is heavily damaged.
Your warg bites the ice statue.
Your ice beast barely misses the ice beast.
The ice statue gestures at you. The freezing blast engulfs you!
The ice beast hits your ice beast. The ice beast freezes your ice beast.
Your ice beast completely resists.
You hit the ice statue but do no damage.
The ice statue is heavily damaged.
You are engulfed in freezing vapours.
Your mana viper is engulfed in freezing vapours.
Your mana viper seems to slow down.
Your warg completely misses the ice statue.
The ice statue gestures.
Your ice beast misses the ice beast.
The ice beast hits your ice beast. The ice beast freezes your ice beast.
Your ice beast completely resists.
Your mana viper is engulfed in freezing vapours.
Your warg bites the ice statue but does no damage.
You hit the ice statue.
The ice statue is heavily damaged.
You are engulfed in freezing vapours.
The ice statue gestures.
Your ice beast hits the ice beast but does no damage.
Your warg bites the ice statue.
The ice beast hits your ice beast but does no damage.
Your mana viper is engulfed in freezing vapours.
Your mana viper seems to slow down.
The ice beast barely misses you.
You are engulfed in freezing vapours.
Ouch! That really hurt!
You die...

##### .....##
......Y## ......Yh##
......°Y8# ####
......Y°## ##..##
.....°°@S######....##
.........°.##.......#
..⌠.............∩∩..#
....................#
.........##..##....##
........########..##
.........# ####
........## .......##


You could see an ice statue (distracted, ally target), 3 ice beasts, a friendly
mana viper (summoned, slow), a friendly warg (summoned) and a friendly ice beast
(summoned).

Vanquished Creatures
  A hydra (Lair:4)
  Erolcha (D:9)
  3 two-headed ogres
  A cyclops (D:11)
  A manticore (D:11)
  12 elephants (Lair:4)
  Joseph (D:10)
  A torpor snail (Lair:4)
  2 black mambas (Lair:4)
  Maggie (D:9)
  A rime drake (Lair:4)
  An unseen horror zombie (D:8)
  A komodo dragon (Lair:4)
  A cane toad (Lair:3)
  2 ice devils (IceCv)
  A troll (D:9)
  A queen bee (Lair:1)
  A polar bear (Lair:4)
  A hornet (D:8)
  A blink frog (Lair:4)
  7 shadows
  23 yaks
  3 vampires (D:10)
  8 wraiths
  3 basilisks
  2 steam dragons (D:8)
  Grum (D:9)
  3 wargs
  2 acid dragons
  2 water moccasins
  2 ice beasts
  2 ogres
  3 orc warriors
  2 centaurs
  7 wolves
  3 kobold brigands
  6 bullfrogs
  2 gnoll sergeants (D:10)
  3 scorpions
  2 wyvern zombies (D:8)
  2 necrophages (D:8)
  11 wights
  35 killer bees
  2 electric eels
  2 howler monkeys
  4 hounds
  A human zombie (D:8)
  3 centaur zombies
  A gnoll bouda (D:9)
  8 orc priests
  Ijyb (D:4)
  A jelly (D:8)
  9 iguanas
  8 orc wizards
  A sleepcap (D:5)
  A killer bee zombie (D:8)
  A polar bear simulacrum (IceCv)
  A nameless horror (D:8)
  3 mummies (D:8)
  A howler monkey zombie (D:10)
  16 gnolls
  9 adders
  A shadow imp (D:5)
  An ufetubus (D:5)
  4 worms (D:3)
  3 dart slugs
  17 orcs
  5 bats
  6 endoplasms
  5 giant cockroaches
  5 goblins
  8 hobgoblins
  3 jackals (D:5)
  3 quokkas
  6 ball pythons
  4 frilled lizards
  19 kobolds
  2 rats (D:2)
334 creatures vanquished.

Vanquished Creatures (collateral kills)
  Josephine (Lair:3)
  An ice statue (IceCv)
  2 unseen horror zombies (D:10)
  A rime drake (Lair:3)
  2 ice devils (IceCv)
  A blink frog (Lair:4)
  2 yaks
  2 wraiths (Lair:3)
  A two-headed ogre simulacrum (IceCv)
  A wight (D:9)
  An electric eel (Lair:4)
  2 orc priests (D:10)
  3 orc wizards (D:10)
  An ufetubus (IceCv)
  3 orcs
  2 bats (Lair:3)
26 creatures vanquished.

Vanquished Creatures (others)
  10 fungi
  17 plants
  5 withered plants (D:10)
32 creatures vanquished.

Grand Total: 392 creatures vanquished

Notes
Turn   | Place    | Note
-------+----------+-------------------------------------------
     0 | D:1      | 2tousent the Demonspawn Ice Elementalist began the quest
                  | for the Orb.
     0 | D:1      | Reached XP level 1. HP: 13/13 MP: 3/3
   232 | D:1      | Gained mutation: You are partially covered in rugged brown
                  | scales. (AC +1, +3% HP) [demonic ancestry]
   232 | D:1      | Reached XP level 2. HP: 14/20 MP: 1/5
   241 | D:1      | Reached skill level 4 in Ice Magic
   364 | D:1      | Reached skill level 1 in Fighting
   556 | D:1      | Reached XP level 3. HP: 21/26 MP: 3/6
   563 | D:1      | Learned a level 3 spell: Frozen Ramparts
  1826 | D:3      | Reached XP level 4. HP: 32/33 MP: 2/7
  1934 | D:3      | Learned a level 3 spell: Ozocubu's Armour
  1983 | D:3      | Found a shadowy altar of Dithmenos.
  2043 | D:3      | Found a faded altar of an unknown god.
  2303 | D:3      | Reached XP level 5. HP: 39/39 MP: 2/9
  2380 | D:3      | Reached skill level 5 in Ice Magic
  2684 | D:4      | Noticed Ijyb
  2689 | D:4      | Found Vum Ismiuph's Antique Armour Shoppe.
  2697 | D:4      | Killed Ijyb
  2827 | D:4      | Bought a glowing hat for 126 gold pieces
  2904 | D:4      | Gained mutation: You have a pair of small antennae on your
                  | head. [demonic ancestry]
  2904 | D:4      | Reached XP level 6. HP: 38/47 MP: 2/11
  3153 | D:4      | Found a bloodstained altar of Trog.
  3219 | D:4      | Found Gikhlosorch's Magic Scroll Emporium.
  3226 | D:4      | Learned a level 4 spell: Summon Ice Beast
  3329 | D:4      | Bought a scroll of blinking for 82 gold pieces
  3329 | D:4      | Bought a scroll of teleportation for 33 gold pieces
  3438 | D:5      | Entered Level 5 of the Dungeon
  3705 | D:5      | Reached skill level 1 in Summonings
  3801 | D:5      | Reached XP level 7. HP: 50/53 MP: 12/12
  3892 | D:5      | Reached skill level 6 in Ice Magic
  4215 | D:5      | Found a blossoming altar of Fedhas.
  4972 | D:5      | Found a runed translucent gate.
  4972 | D:5      | Found a runed translucent gate.
  4972 | D:5      | Found a runed translucent gate.
  4974 | D:5      | Noticed snipermoke's ghost (amateur DgFi)
  4974 | D:5      | Noticed UltrafastDeath's ghost (novice BaWn)
  4975 | D:5      | Noticed clease's ghost (amateur FeCj)
  4975 | D:5      | Noticed Mesmaeker13's ghost (amateur VSTm)
  4976 | D:5      | Noticed PaleRider's ghost (amateur VSFi)
  5047 | D:6      | Gained mutation: Your demonic aura sometimes causes spilled
                  | blood to erupt in flames. [demonic ancestry]
  5047 | D:6      | Reached XP level 8. HP: 31/61 MP: 7/14
  5286 | D:6      | Found a sacrificial altar of Ru.
  5294 | D:6      | Found a snail-covered altar of Cheibriados.
  5327 | D:6      | Reached skill level 7 in Ice Magic
  5329 | D:6      | Became a worshipper of Cheibriados the Contemplative
  5377 | D:6      | Found a sparkling altar of Nemelex Xobeh.
  5567 | D:6      | Found a staircase to the Ecumenical Temple.
  5950 | D:7      | Identified a scroll of acquirement
  5950 | D:7      | Acquired the +3 pair of gauntlets of War {Slay+5}
  5950 | D:7      | Found the +3 pair of gauntlets of War {Slay+5}
  6262 | D:7      | Found Wyll's Mass Market.
  6536 | D:7      | Found an iron altar of Okawaru.
  7045 | D:8      | Reached skill level 1 in Shields
  7049 | D:8      | Reached skill level 5 in Fighting
  7342 | D:8      | Reached * piety under Cheibriados
  7450 | D:8      | Reached skill level 8 in Ice Magic
  7452 | D:8      | Gained mutation: Your demonic aura often causes spilled
                  | blood to erupt in flames. [demonic ancestry]
  7452 | D:8      | Reached XP level 9. HP: 59/69 MP: 12/16
  8412 | D:8      | Found an ancient bone altar of Kikubaaqudgha.
  8432 | D:8      | Reached skill level 9 in Ice Magic
  8672 | D:8      | Reached ** piety under Cheibriados
  8688 | D:8      | Gained mutation: You regenerate magic rapidly. [demonic
                  | ancestry]
  8688 | D:8      | Reached XP level 10. HP: 63/79 MP: 2/17
  9000 | D:8      | Reached skill level 10 in Ice Magic
  9089 | D:9      | Noticed Grum
  9093 | D:9      | Killed Grum
  9093 | D:9      | Noticed Maggie
  9115 | D:9      | Killed Maggie
  9274 | D:9      | Found a stormy altar of Qazlal.
  9384 | D:9      | Found a hide-covered altar of Uskayaw.
  9387 | D:9      | Found a shimmering altar of Xom.
  9449 | D:9      | Learned a level 5 spell: Summon Mana Viper
 10095 | D:9      | Found a shimmering blue altar of Sif Muna.
 10140 | D:9      | Reached *** piety under Cheibriados
 10152 | D:9      | Reached skill level 1 in Hexes
 10246 | D:9      | Noticed a two-headed ogre
 10253 | D:9      | Killed a two-headed ogre
 10254 | D:9      | Reached skill level 11 in Ice Magic
 10304 | D:9      | Noticed a skeletal warrior
 10304 | D:9      | Found the +5 scythe "Finisher" {speed, eviscerate}
 10483 | D:9      | Noticed Erolcha
 10562 | D:9      | Killed Erolcha
 10767 | D:10     | Entered Level 10 of the Dungeon
 10908 | D:10     | Reached XP level 11. HP: 64/88 MP: 6/18
 10912 | D:10     | Reached skill level 5 in Summonings
 11206 | D:10     | Found a hazy altar of Hepliaklqana.
 11234 | D:10     | Found a staircase to the Lair.
 11242 | D:10     | Reached **** piety under Cheibriados
 11319 | D:10     | Noticed a two-headed ogre
 11335 | D:10     | Killed a two-headed ogre
 11414 | D:10     | Noticed a two-headed ogre
 11418 | D:10     | Killed a two-headed ogre
 11442 | D:10     | Identified the +2 robe "Kodeusu" {+Inv}
 11541 | D:10     | Identified the +3 leather armour of Salvation {Rampage
                  | rElec Str+4}
 11920 | D:10     | Reached ***** piety under Cheibriados
 11932 | D:10     | Reached skill level 12 in Ice Magic
 11934 | D:10     | Noticed Joseph
 11943 | D:10     | Killed Joseph
 12648 | D:11     | Found a staircase to the Orcish Mines.
 12777 | D:11     | Reached skill level 1 in Invocations
 13043 | D:11     | Gained mutation: You have a pair of antennae on your head.
                  | [demonic ancestry]
 13043 | D:11     | Reached XP level 12. HP: 74/98 MP: 13/19
 13623 | Lair:1   | Entered Level 1 of the Lair of Beasts
 13623 | Lair:1   | Found a sacrificial altar of Ru.
 13997 | Lair:1   | Reached ****** piety under Cheibriados
 13998 | Lair:1   | Reached skill level 13 in Ice Magic
 14581 | Lair:2   | You fall into a shaft and drop 2 floors!
 14600 | Lair:4   | Found a staircase to the Slime Pits.
 14807 | Lair:4   | Reached skill level 10 in Fighting
 15011 | Lair:4   | Reached skill level 5 in Invocations
 15025 | Lair:4   | Identified the staff of air "Uxooreas" {rElec Int+2}
 15341 | Lair:4   | Reached skill level 14 in Ice Magic
 15484 | Lair:4   | Noticed a four-headed hydra
 15489 | Lair:4   | Killed a four-headed hydra
 15529 | Lair:3   | Noticed Josephine
 15532 | Lair:3   | Killed Josephine
 15533 | Lair:3   | Reached XP level 13. HP: 107/107 MP: 13/20
 15573 | Lair:3   | Found a frozen archway.
 15625 | IceCv    | Entered an ice cave
 15839 | IceCv    | Learned a level 3 spell: Call Canine Familiar
 16267 | IceCv    | Engulfed by an ice statue's freezing vapour

Illustrated notes

Levels and vault maps discovered:
D:1:      mrwooster_arrival_arrow, layout_loops_cross, st_stairs_2, fountainhead
D:2:      layout_loops_ring
D:3:      minmay_chambers_of_threes, layout_rooms,
          nicolae_overflow_hidden_temple, chequers_ecumenical_altar_island,
          nicolae_wormholes
D:4:      layout_cave_pools, trog_three_pillars_becter, serial_shops,
          nicolae_inconvenience_store, shop, uniq_ijyb
D:5:      layout_loops_corners, lemuel_coloured_pillars_altar,
          gammafunk_ghost_cemetery, grunt_tough_drop
D:6:      layout_loops_cross, nemelex_spade_bored_becter,
          grunt_temple_overflow_open, minmay_temple_entry_offerings,
          serial_bayou_ford_a
D:7:      layout_basic, okawaru_altar_gauntlet_db, minmay_shop_mass,
          small_statue_intersection, minmay_door_square
D:8:      layout_basic, lemuel_mausoleum_altar_kikubaaqudgha,
          minmay_unpleasant_kobolds
D:9:      layout_stronghold, mainiacjoe_overflow_two_lobes,
          nicolae_overflow_squiral, grunt_qazlal_clouds,
          minmay_guarded_unrand_finisher, uniq_erolcha, uniq_grum, uniq_maggie
D:10:     layout_roguey, mainiacjoe_overflow_surrounded_room,
          erik_lair_orcish_takeover, serial_undead, serial_undead_c,
          serial_undead_a, serial_undead_a, serial_undead_b, uniq_joseph
D:11:     layout_basic, david_orc_1_choice
D:12:     layout_basic, enter_trove_2
Lair:1:   layout_roguey [special_room_bee], basic_altar
Lair:2:   layout_gridlike, elwin_shoals_entry_rooms,
          nicolae_spider_entry_tight_spaces
Lair:3:   dreamdust_cave_troll, layout_hall_layers, ebering_ghost_inner_flame,
          portal_ice_cave_entry_pillars_1, basic_altar, roderic_batcave,
          uniq_prince_ribbit2, uniq_sonja, uniq_josephine
Lair:4:   nzn_winding_woodlands_cross [nzn_winding_woodlands_5x15_sawtooth,
          nzn_winding_woodlands_5x15_cabin,
          nzn_winding_woodlands_5x15_sidewinder,
          nzn_winding_woodlands_5x15_jagged,
          nzn_winding_woodlands_15x15_eel_pit], layout_small_grid, slime_entry_1
IceCv:    ice_cave_tombish

Skill      XL: |  1  2  3  4  5  6  7  8  9 10 11 12 13 |
---------------+----------------------------------------+-----
Ice Magic      | 4 5 6 8 9 11 12 14 | 14.3
Fighting       | 1 2 3 4 5 6 8 9 10 | 10.8
Spellcasting   | 3 4 |  4.6
Summonings     | 1 2 4 6 8 |  8.0
Shields        | 2 4 |  4.0
Dodging        | 3 4 |  4.0
Hexes          | 2 4 |  4.0
Invocations    | 2 5 6 |  6.5
Stealth        | |  1.7

Action                     |  1- 3 |  4- 6 |  7- 9 | 10-12 | 13-15 || total
---------------------------+-------+-------+-------+-------+-------++-------
  Melee: Hand axe          |    17 |       |       |       |       ||    17
         Unarmed           |     1 |       |       |       |       ||     1
         Dagger            |     7 |    90 |   255 |   337 |    72 ||   761
         Punch             |       |     1 |     1 |       |       ||     2
   Cast: Freeze            |    47 |    11 |    26 |     6 |       ||    90
         Frozen Ramparts   |       |    11 |    29 |    62 |     3 ||   105
         Ozocubu's Armour  |       |     5 |    10 |    33 |     6 ||    54
         Summon Ice Beast  |       |       |     7 |    21 |     7 ||    35
         Summon Mana Viper |       |       |       |     5 |     7 ||    12
         Call Canine Famil |       |       |       |       |     6 ||     6
 Invoke: Slouch            |       |       |       |     1 |       ||     1
  Evoke: Wand              |       |       |       |     8 |     1 ||     9
    Use: Scroll            |     6 |       |    16 |     5 |     3 ||    30
         Potion            |       |       |       |     5 |       ||     5
   Stab: Sleeping          |     2 |     5 |     5 |     3 |       ||    15
         Distracted        |       |       |     2 |       |     4 ||     6
         Paralysed         |       |       |       |     2 |       ||     2
         Confused          |       |       |       |     7 |       ||     7
 Armour: Robe              |    18 |    25 |    73 |       |       ||   116
         Steam dragon scal |       |       |    43 |   200 |    50 ||   293
  Dodge: Dodged            |    33 |    51 |   154 |   241 |    83 ||   562
  Block: Buckler           |       |       |    46 |   103 |    40 ||   189

Table legend: (Time is in decaauts)
 A = Elapsed time spent in this place.
 B = Non-inter-level travel time spent in this place.
 C = Inter-level travel time spent in this place.
 D = Time resting spent in this place.
 E = Time spent auto-exploring this place.
 F = Levels seen in this place.
 G = Mean time per level.
                   A        B        C        D        E       F      G
               +--------+--------+--------+--------+--------+-----+--------+
         Total |  19912 |  19227 |    685 |   1058 |  15325 |  17 | 1171.3 |
       Dungeon |  16208 |  15596 |    612 |    353 |  13084 |  12 | 1350.7 |
          Lair |   3024 |   2951 |     73 |    203 |   2238 |   4 |  756.0 |
      Ice Cave |    679 |    679 |      0 |    502 |      2 |   1 |  679.0 |
               +--------+--------+--------+--------+--------+-----+--------+

Top non-repeatable levels by time:
     D:8: 2606 daAuts
    D:11: 2158 daAuts
     D:9: 2155 daAuts
    D:10: 1983 daAuts
  Lair:1: 1659 daAuts
     D:5: 1600 daAuts
     D:7: 1205 daAuts
  Lair:4: 1192 daAuts
     D:6: 1046 daAuts
     D:1: 1016 daAuts
     D:4: 914 daAuts
     D:3: 768 daAuts
     D:2: 750 daAuts
   IceCv: 679 daAuts
  Lair:3: 172 daAuts
